 Dungeon Crawl Stone Soup version 0.19.5 (webtiles) character file.

68 Agrougrou the Skirmisher (level 4, 7/36 HPs)
             Began as a Demonspawn Fighter on Mar 8, 2017.
             Quit the game on level 2 of the Dungeon.
             The game lasted 00:03:20 (783 turns).

Agrougrou the Skirmisher (Demonspawn Fighter)        Turns: 783, Time: 00:03:20

Health: 7/36       AC:  8    Str: 22    XL:     4   Next: 1%
Magic:  4/4        EV:  7    Int:  9    God:
Gold:   45         SH:  9    Dex: 13    Spells: 0 memorised, 3 levels left

rFire  . . .     SeeInvis .     a - +0 flail
rCold  . . .     Gourm    .     b - +0 scale mail
rNeg   . . .     Faith    .     c - +0 shield
rPois  .         Spirit   .     (no helmet)
rElec  .         Reflect  .     (no cloak)
rCorr  .         Harm     .     (no gloves)
MR     .....     Rnd*Tele +     (no boots)
Stlth  +.........               (no amulet)
                                m - ring of stealth
                                e - ring of teleportation (curse)

@: mighty
A: rugged brown scales 2, rot immunity
a: no special abilities


You were on level 2 of the Dungeon.
You were not hungry.

You visited 1 branch of the dungeon, and saw 2 of its levels.

You collected 45 gold pieces.

Inventory:

Hand Weapons
 a - a +0 flail (weapon)
Armour
 b - a +0 scale mail (worn)
 c - a +0 shield (worn)
Jewellery
 e - a cursed ring of teleportation (left hand)
 m - a ring of stealth (right hand)
Scrolls
 g - a scroll of enchant weapon {unknown}
 k - a scroll of remove curse {unknown}
 l - a scroll of noise {unknown}
Potions
 h - 3 potions of curing {unknown}
 i - a potion of flight {unknown}
Comestibles
 f - 2 bread rations
 j - 6 chunks of flesh


   Skills:
 + Level 3.5 Fighting
 + Level 2.5 Maces & Flails
 + Level 3.0 Armour
 + Level 0.5 Dodging
 + Level 3.1 Shields


You had 3 spell levels left.
You didn't know any spells.

Dungeon Overview and Level Annotations

Branches:
Dungeon (2/15)

Altars:
Uskayaw


Innate Abilities, Weirdness & Mutations

You are mostly covered in rugged brown scales. (AC +2, +5% HP)
You are immune to rotting.


Message History

You barely miss the leopard gecko. You block the hobgoblin's attack.
You block the leopard gecko's attack.
The hobgoblin hits you but does no damage.
Unknown command.
You miss the leopard gecko.
The leopard gecko bites you but does no damage.
The leopard gecko bites you.
* * * LOW HITPOINT WARNING * * *
You block the hobgoblin's attack.
Unknown command.
You bludgeon the leopard gecko!!
You kill the leopard gecko!
The hobgoblin hits you but does no damage.
Unknown command.
You sock the hobgoblin!
You kill the hobgoblin!
You have reached level 4!
You feel agile.
Your demonic ancestry asserts itself...
You feel immune to rotting.
Are you sure you want to abandon this character and quit the game? (Confirm with "yes".)

...?... .....
..... ... ...
###.###
##.....##
#...@...#
#...)...#
#......_......#
#..#.......#..#
#. #.......# .#
# ##.....## #
###.### ...


There were no monsters in sight!

Vanquished Creatures
  Natasha (D:2)
  An adder (D:2)
  An ooze (D:1)
  A leopard gecko (D:2)
  A ball python (D:1)
  3 bats
  3 giant cockroaches
  5 goblins
  3 hobgoblins
  3 frilled lizards
  4 kobolds
  5 rats (D:1)
31 creatures vanquished.

Notes
Turn   | Place    | Note
-------+----------+-------------------------------------------
     0 | D:1      | Agrougrou the Demonspawn Fighter began the quest for the Orb.
     0 | D:1      | Reached XP level 1. HP: 18/18 MP: 1/1
   145 | D:1      | Gained mutation: You are partially covered in rugged brown scales. (AC +1, +3% HP) [demonic ancestry]
   145 | D:1      | Reached XP level 2. HP: 18/24 MP: 2/2
   649 | D:2      | Gained mutation: You are mostly covered in rugged brown scales. (AC +2, +5% HP) [demonic ancestry]
   649 | D:2      | Reached XP level 3. HP: 20/30 MP: 3/3
   765 | D:2      | Found a hide-covered altar of Uskayaw.
   767 | D:2      | Noticed Natasha
   773 | D:2      | Killed Natasha
   782 | D:2      | Gained mutation: You are immune to rotting. [demonic ancestry]
   782 | D:2      | Reached XP level 4. HP: 7/36 MP: 4/4
   783 | D:2      | Quit the game

Skill      XL: |  1  2  3 |
---------------+----------+-----
Maces & Flails | 2 |  2.5
Shields        | 3 |  3.1
Armour         | 3 |  3.0
Fighting       | |  3.5
Dodging        | |  0.5

Action                   |  1- 3 |  4- 6 || total
-------------------------+-------+-------++-------
Melee: Flail             |    89 |       ||    89
  Use: Potion            |     1 |       ||     1
Armor: Scale mail        |    57 |       ||    57
Dodge: Dodged            |    33 |       ||    33
Block: Shield            |    52 |       ||    52
